 Dungeon Crawl Stone Soup version 0.16-a0-4123-g49b462e (webtiles) character file.

102 Duskembrace the Changer (level 4, 0/32 HPs)
             Began as a Merfolk Transmuter on Mar 2, 2015.
             Slain by brotzeit's ghost (16 damage)
             ... on level 3 of the Dungeon.
             The game lasted 00:10:21 (3385 turns).

Duskembrace the Changer (Merfolk Transmuter)        Turns: 3385, Time: 00:10:21

Health: 0/32       AC:  2    Str: 10    XL:     4   Next: 78%
Magic:  6/9        EV: 21    Int: 13    God:
Gold:   84         SH:  0    Dex: 19    Spells: 3 memorised, 3 levels left

rFire  . . .     SeeInvis .       - Unarmed
rCold  . . .     Clarity  .     u - melded +1 robe {rN+}
rNeg   . . .     SustAb   .     (shield currently unavailable)
rPois  x         Gourm    .     (helmet currently unavailable)
rElec  .         Spirit   .     (cloak currently unavailable)
rCorr  .         Warding  .     (gloves currently unavailable)
rMut   .         Stasis   .     (boots currently unavailable)
MR     .....                    (no amulet)
Stlth  ++........               (no ring)
                                (no ring)

@: spider-form, not resistant to hostile enchantments, unstealthy
A: (change form in water), (swift swim)
a: End Transformation


You were on level 3 of the Dungeon.
You were not hungry.
You were a venomous arachnid creature.
You visited 1 branch of the dungeon, and saw 3 of its levels.

You collected 84 gold pieces.

Inventory:

Missiles
 b - 54 arrows
 v - 17 poisoned needles
Armour
 c - a +0 robe
 q - a +4 ring mail
 u - a +1 robe of positive energy (melded)
Jewellery
 g - an uncursed ring of positive energy {unknown}
 l - an uncursed amulet of the gourmand {unknown}
Scrolls
 e - 5 scrolls of identify {unknown}
 f - a scroll of remove curse {unknown}
 h - a scroll of enchant armour {unknown}
 i - a scroll of fog {unknown}
 j - a scroll of enchant weapon {unknown}
 o - a scroll of fear {unknown}
 p - a scroll of noise {unknown}
Potions
 m - a potion of ambrosia {unknown}
 n - a potion of degeneration {unknown}
 r - 3 potions of curing
 s - 2 potions of magic {unknown}
 t - a potion of lignification {unknown}
 w - a potion of flight {unknown}
Books
 d - a book of Changes

   Spells                             Type                      Level
   a - Beastly Appendage              Transmutation                1
   b - Sticks to Snakes               Transmutation                2
   c - Spider Form                    Transmutation/Poison         3
   d - Ice Form                       Ice/Transmutation            4
   e - Blade Hands                    Transmutation                5
Comestibles
 a - a bread ration
 k - a fruit
 x - a royal jelly
 z - 2 chunks of flesh


   Skills:
 - Level 1.1 Fighting
 - Level 2.6 Dodging
 - Level 3.2 Unarmed Combat
 + Level 3.1 Spellcasting
 * Level 5.1 Transmutations
 + Level 0.4 Poison Magic


You had 3 spell levels left.
You knew the following spells:

 Your Spells              Type           Power        Failure   Level  Hunger
a - Beastly Appendage     Trmt           ###...       12%         1    #......
b - Sticks to Snakes      Trmt           ###.......   17%         2    ##.....
c - Spider Form           Trmt/Pois      #.........   41%         3    ###....


Dungeon Overview and Level Annotations

Branches:
Dungeon (3/15)

Altars:
Vehumet

Annotations:
D:3 brotzeit's ghost, average DDFi


Message History

Found 10 gold pieces.
Brotzeit's ghost (average Deep Dwarf Fighter) comes into view.
Brotzeit's ghost is nearby!
Casting: Spider Form
Confirm with . or Enter, or press ? or * to list all spells.
You turn into a venomous arachnid creature.
Your +1 robe of positive energy melds into your body.
You feel less protected from negative energy.
You hit brotzeit's ghost but do no damage.
Brotzeit's ghost hits you!
You hit brotzeit's ghost but do no damage.
Brotzeit's ghost hits you.
You hit brotzeit's ghost.
Brotzeit's ghost is lightly damaged.
Brotzeit's ghost hits you.
You hit brotzeit's ghost.
Brotzeit's ghost is lightly damaged.
Brotzeit's ghost hits you!
Ouch! That really hurt!
You die...

>....#.#.### #
#........#
#.######........#
#.#.............#
#...............#
###.#####.......# #.#
#.......# ##########.#
#.......# #$....Ws...#
####†####
#.###.#############.####
# #...........
#(#####..... #(# ######
#.# #.####### #.......#
#.#####.#


You could see brotzeit's ghost.

Vanquished Creatures
  Jessica (D:2)
  Terence (D:2)
  2 adders
  3 worms
  2 giant geckos (D:1)
  A ball python (D:3)
  2 giant cockroaches
  6 goblins
  4 hobgoblins
  4 bats
  4 giant newts
  5 kobolds
  5 rats
40 creatures vanquished.

Notes
Turn   | Place    | Note
--------------------------------------------------------------
     0 | D:1      | Duskembrace, the Merfolk Transmuter, began the quest for the Orb.
     0 | D:1      | Reached XP level 1. HP: 15/15 MP: 3/3
   519 | D:1      | Reached XP level 2. HP: 15/21 MP: 2/4
   612 | D:1      | Learned a level 2 spell: Sticks to Snakes
  2057 | D:2      | Reached XP level 3. HP: 21/26 MP: 4/6
  2062 | D:2      | Learned a level 3 spell: Spider Form
  2488 | D:2      | Reached skill level 4 in Transmutations
  2577 | D:2      | Found a radiant altar of Vehumet.
  2702 | D:2      | Noticed Jessica
  2722 | D:2      | Killed Jessica
  2722 | D:2      | Reached XP level 4. HP: 17/32 MP: 0/8
  2897 | D:2      | Noticed Terence
  2907 | D:2      | Killed Terence
  3296 | D:3      | Reached skill level 5 in Transmutations
  3377 | D:3      | Noticed brotzeit's ghost (average DDFi)
  3385 | D:3      | Slain by brotzeit's ghost

Action                   |  1- 3 |  4- 6 || total
-------------------------+-------+-------++-------
Melee: Unarmed           |   104 |    40 ||   144
 Cast: Beastly Appendage |    20 |     2 ||    22
       Spider Form       |     2 |     5 ||     7
  Use: Potion            |       |     1 ||     1
  Eat: Chunk             |     5 |     3 ||     8
       Fruit             |     2 |       ||     2
